Map: Central Protocol

Players

Lebkuchenman

  • Race: Terran Terran
  • League: Silver

Dagrath - Winner!

  • Race: Protoss Protoss
  • League: Silver

VOD

Have the link to the VOD?

Description

Time

  • Played on: Dec. 14, 2015, 6:53 p.m.
  • Length: 8:30
Show
View Real Time Build Order
Export as new Build Order

Lebkuchenman Terran 

Build Orders:  

Get SALT Encoding   

  12  0:01  SCV  
  13  0:13  SCV  
  14  0:19  Supply Depot  
  14  0:26  SCV  
  15  0:41  SCV  
  16  0:47  Barracks  
  16  0:54  Refinery  
  16  0:55  SCV  
  17  1:09  SCV  
  18  1:21  SCV  
  19  1:46  SCV  
  20  1:49  Supply Depot, Refinery  
  20  1:58  SCV  
  21  2:04  Barracks Reactor  
  21  2:25  SCV  
  21  2:26  Command Center  
  22  2:35  Factory  
  22  2:38  SCV  
  23  2:44  Reaper  
  23  2:45  Reaper  
  25  2:53  SCV  
  26  3:15  Engineering Bay, Orbital Command  
  26  3:19  Reaper x2  
  28  3:29  Factory Tech Lab  
  25  4:20  Marine  
  25  4:22  Hellion  
  25  4:31  Marine  
  21  4:49  Marine  
  19  5:18  Cyclone  
  19  5:20  SCV  
  21  5:36  Marine  
  21  5:40  SCV  
  18  6:20  Hellion  
  18  6:21  Marine  
  20  7:03  Hellion  
  21  7:27  Hellion  
Show
View Real Time Build Order
Export as new Build Order

Dagrath Protoss - Winner!

Build Orders:  

Get SALT Encoding   

  12  0:02  Probe (Chrono Boost)  
  13  0:12  Probe (Chrono Boost)  
  14  0:19  Pylon  
  14  0:23  Probe (Chrono Boost)  
  15  0:38  Probe (Chrono Boost)  
  15  0:40  Gateway  
  16  0:48  Probe (Chrono Boost)  
  17  0:59  Probe (Chrono Boost)  
  18  1:06  Pylon  
  18  1:13  Gateway  
  18  1:14  Probe (Chrono Boost)  
  19  1:24  Probe (Chrono Boost), Pylon  
  20  1:35  Probe (Chrono Boost)  
  21  1:45  Probe (Chrono Boost), Zealot  
  21  1:46  Pylon  
  24  1:56  Probe (Chrono Boost)  
  25  2:04  Nexus  
  25  2:11  Zealot (Chrono Boost)  
  25  2:12  Probe (Chrono Boost)  
  28  2:21  Zealot (Chrono Boost)  
  28  2:22  Probe (Chrono Boost)  
  31  2:34  Probe  
  32  2:42  Zealot (Chrono Boost)  
  34  2:45  Zealot (Chrono Boost)  
  34  2:46  Probe  
  37  3:00  Gateway  
  37  3:02  Probe  
  38  3:14  Probe  
  38  3:15  Pylon  
  38  3:19  Probe  
  39  3:22  Zealot (Chrono Boost)  
  39  3:26  Probe, Zealot (Chrono Boost)  
  45  3:29  Probe  
  46  3:38  Probe  
  46  3:40  Probe  
  47  3:43  Gateway  
  47  3:46  Gateway  
  46  3:55  Probe  
  45  3:56  Probe  
  45  3:58  Zealot (Chrono Boost)  
  45  4:02  Zealot x2 (Chrono Boost)  
  52  4:05  Probe  
  52  4:08  Probe  
  54  4:18  Probe  
  54  4:20  Probe  
  54  4:21  Zealot (Chrono Boost)  
  58  4:28  Probe  
  58  4:29  Zealot x2 (Chrono Boost)  
  61  4:32  Probe  
  60  4:39  Probe  
  60  4:42  Zealot (Chrono Boost)  
  60  4:43  Zealot (Chrono Boost)  
  60  4:45  Zealot (Chrono Boost)  
  67  4:47  Probe  
  67  4:49  Probe  
  69  4:52  Gateway  
  69  4:59  Probe  
  68  5:06  Zealot (Chrono Boost)  
  70  5:10  Probe  
  70  5:12  Probe  
  70  5:13  Pylon  
  70  5:17  Pylon  
  70  5:18  Zealot (Chrono Boost)  
  70  5:22  Pylon  
  70  5:29  Probe  
  70  5:30  Nexus  
  70  5:31  Probe  
  70  5:35  Zealot x2 (Chrono Boost)  
  76  5:40  Probe  
  77  5:43  Probe  
  78  5:50  Probe  
  81  5:57  Zealot (Chrono Boost)  
  81  6:01  Zealot x3 (Chrono Boost)  
  81  6:02  Zealot (Chrono Boost)  
  85  6:10  Probe  
  85  6:11  Zealot (Chrono Boost)  
  87  6:12  Probe  
  87  6:21  Probe, Zealot (Chrono Boost)  
  87  6:24  Probe  
  93  6:28  Gateway, Zealot (Chrono Boost)  
  93  6:29  Gateway  
  93  6:33  Gateway x2  
  93  6:35  Gateway, Zealot (Chrono Boost)  
  93  6:41  Probe x2  
  93  6:42  Probe  
  93  6:44  Zealot (Chrono Boost)  
  93  6:46  Zealot x3 (Chrono Boost)  
  102  6:52  Probe x2  
  102  6:55  Probe  
  103  7:07  Probe  
  103  7:08  Zealot (Chrono Boost)  
  104  7:09  Zealot (Chrono Boost)  
  104  7:10  Zealot (Chrono Boost)  
  104  7:11  Probe  
  104  7:13  Zealot x2 (Chrono Boost)  
  104  7:14  Probe  
  109  7:19  Probe  
  109  7:21  Pylon  
  109  7:23  Pylon  
  109  7:24  Pylon  
  109  7:33  Probe x2  
  109  7:41  Zealot (Chrono Boost)  
  109  7:43  Zealot x4 (Chrono Boost)  
  117  7:46  Probe x2  
  117  7:47  Probe  
  117  7:50  Zealot x3 (Chrono Boost)  
  117  7:51  Zealot x2 (Chrono Boost)  
  130  7:53  Zealot (Chrono Boost)  
  130  7:56  Probe x2  
  132  7:59  Probe  
  133  8:19  Pylon x2  
  133  8:21  Pylon x2  
  133  8:23  Pylon  
  133  8:24  Pylon  
Tags
 
Add a new tag
Caveats
  • Supply blocks, unpowered buildings, or Contaminate may cause inaccurate times.
  • Supply counts are checked every 10 seconds.